 Dungeon Crawl Stone Soup version 0.30-a0-377-g5cb311bc9f (webtiles) character file.

Game seed: 14552420674657971175

6065 Angani the Blocker (level 10, -2/139 HPs)
             Began as a Red Draconian Warper on Dec 1, 2022.
             Was an Elder of Dithmenos.
             Slain by an unseen horror (3 damage)
             ... on level 9 of the Dungeon.
             The game lasted 00:15:47 (6610 turns).

Angani the Blocker (Red Draconian Warper)           Turns: 6610, Time: 00:15:48

Health: -2/139     AC: 25    Str: 14    XL:     10   Next: 57%
Magic:  13/13      EV:  2    Int: 17    God:    Dithmenos [****..]
Gold:   556        SH: 11    Dex: 11    Spells: 8/13 levels left

rFire   + . .      SeeInvis .    y - +7 Throatcutter {drain, coup de grace}
rCold   + . .      Faith    .    p - +0 kite shield
rNeg    . . .      Spirit   .    (body armour unavailable)
rPois   +          Reflect  .    (helmet currently unavailable)
rElec   +          Harm     .    (cloak currently unavailable)
rCorr   +          Rampage  .    (gloves currently unavailable)
Will    .....      NoTele   +    (boots currently unavailable)
Stlth   +.........               A - amulet of regeneration
HPRegen 1.23/turn                z - +4 ring of evasion
MPRegen 0.13/turn                (no ring)

@: brilliant, lethally poisoned (-2 -> -3), tree-form, resistant, wreathed by
umbra
A: stationary, stasis, torment immunity, boosted hp, (breathe fire), AC +7,
unfitting armour, (fire resistance 1), (cold-blooded)
a: Renounce Religion, Shadow Step


You were on level 9 of the Dungeon.
You worshipped Dithmenos.
Dithmenos was greatly pleased with you.
You were a tree.
You visited 1 branch of the dungeon, and saw 9 of its levels.

You collected 556 gold pieces.

Inventory:

Hand Weapons
 t - the +11 flail "Beadu" {elec, Fly rC++ Str-2}
   (You found it on level 4 of the Dungeon)

   It occasionally discharges a powerful burst of electricity upon striking a
   foe.
   Str:       It affects your strength (-2).
   rC:        It greatly protects you from cold.
   Fly:       It grants you flight.
 y - the +7 Throatcutter (weapon) {drain, coup de grace}
   (You found it on level 6 of the Dungeon)

   A truly terrible weapon, it drains the life of any living foe it strikes.
   It may instantly kill foes which have little health.
Missiles
 b - 7 boomerangs of dispersal (quivered)
 r - 10 boomerangs
 u - a throwing net
Armour
 k - a +2 pair of boots (melded)
 p - a +0 kite shield (worn)
Jewellery
 z - a +4 ring of evasion (left branch)
 A - an amulet of regeneration (around neck)
Wands
 h - a wand of polymorph (6)
 i - a wand of flame (10)
 C - a wand of charming (13)
Scrolls
 a - 3 scrolls of blinking
 c - 4 scrolls of immolation
 e - 5 scrolls of teleportation
 f - a scroll of silence
 g - a scroll of enchant weapon
 j - a scroll of summoning {unknown}
 l - 2 scrolls of magic mapping {unknown}
 n - 2 scrolls of amnesia {unknown}
 v - 4 scrolls of vulnerability
 w - a scroll of fear
 x - a scroll of poison
Potions
 d - a potion of flight
 m - 3 potions of magic
 o - 3 potions of might
 s - 2 potions of haste
 D - a potion of brilliance


   Skills:
 - Level 10.0 Fighting
 - Level 0.8 Throwing
 - Level 2.1 Dodging
 + Level 12.4 Shields
 - Level 5.1 Unarmed Combat
 - Level 2.0 Spellcasting
 - Level 3.0 Translocations


You had 8 spell levels left.
You knew the following spells:

 Your Spells              Type           Power      Damage    Failure   Level
a - Blink                 Tloc           34%        N/A       17%         2
b - Vhi's Electric Charg  Tloc/Air       20%        N/A       52%         3

Your spell library contained the following spells:

 Spells                   Type           Power      Damage    Failure   Level
 Momentum Strike          Conj/Tloc      20%        3d8       30%         2
 Lesser Beckoning         Tloc           34%        N/A       32%         3
 Teleport Other           Tloc           17%        N/A       32%         3
 Ensorcelled Hibernation  Hex/Ice        4%         N/A       50%         2
 Passwall                 Tmut/Erth      1%         N/A       50%         2
 Manifold Assault         Tloc           17%        N/A       73%         4
 Dazzling Flash           Conj/Hex       4%         N/A       75%         3
 Ozocubu's Armour         Ice            2%         N/A       75%         3
 Swiftness                Air            2%         N/A       75%         3
 Iskenderun's Mystic Bla  Conj/Tloc      10%        2d4       90%         4
 Summon Lightning Spire   Summ/Air       2%         N/A       98%         4
 Starburst                Conj/Fire      1%         6d3       100%        6
 Ozocubu's Refrigeration  Ice            1%         4d7       100%        7
 Storm Form               Tmut/Air       1%         N/A       100%        7
 Maxwell's Capacitive Co  Air            1%         ∞         100%        8


Dungeon Overview and Level Annotations

Branches:
Dungeon (9/15)             Temple (0/1) D:7
   Lair: D:8-11         Orc: D:9-12

Altars:
Dithmenos
Qazlal
Sif Muna
Wu Jian
Yredelemnul

Shops:
D:1 :[![   D:3 (   D:7 *

Annotations:
D:2 1 runed translucent door, Crazy Yiuf


Innate Abilities, Weirdness & Mutations

You are a tree.
Your roots penetrate the ground, keeping you stationary.
You cannot be teleported.
You are immune to unholy pain and torment.
Your maximum health is greatly increased.
Your equipment is partially melded.
((You can breathe blasts of fire.))
((Your fiery red scales are hard. (AC +7)))
You cannot fit into any form of body armour.
((Your flesh is heat resistant. (rF+)))
((You are cold-blooded and may be slowed by cold attacks.))


Message History

The killer bee stings you.
* * * LOW HITPOINT WARNING * * *
You are more poisoned.
The killer bee poisons you! The killer bee completely misses you.
The kobold brigand hits you but does no damage.
The kobold completely misses you.
The killer bee stings you but does no damage. x2
Unknown command.
You barely miss the killer bee.
Your shadow hits the killer bee with a long sword.
You feel very sick.
The killer bee stings you but does no damage.
The killer bee stings you.
* * * LOW HITPOINT WARNING * * *
The kobold hits you but does no damage.
The killer bee stings you but does no damage.
You block the killer bee's attack.
The kobold brigand hits you but does no damage.
The kobold hits you but does no damage. The kobold brigand barely misses you.
The kobold hits you but does no damage.
A kobold demonologist comes into view. It is wielding a +3 dagger of speed.
The killer bee completely misses you.
The kobold throws a stone.
The stone hits you but does no damage. You block the killer bee's attack.
Unknown command.
You slash the killer bee!
You behead the killer bee!
You kill the killer bee!
Dithmenos accepts your kill.
* * * LOW HITPOINT WARNING * * *
You feel sick. Something hits you but does no damage.
The killer bee stings you but does no damage.
You block the killer bee's attack. The kobold hits you but does no damage.
The kobold brigand hits you but does no damage.
The kobold hits you but does no damage.
The killer bee stings you but does no damage.
Unknown command.
You barely miss the killer bee.
The killer bee is lightly wounded.
* * * LOW HITPOINT WARNING * * *
You feel sick. Something hits you.
You die...

.......##
.......##
.........
.....K.#
#......
#.... ##K.#
##yK.# .
##.K♣K##....
#....K......
##........#.
##.#..####
######


You could see a kobold demonologist, a kobold brigand, a killer bee and 4
kobolds.

Vanquished Creatures
  A two-headed ogre (D:8)
  An unseen horror (D:8)
  A kobold demonologist (D:9)
  6 yaks (D:8)
  2 steam dragons
  A water moccasin (D:4)
  An orc warrior (D:8)
  A sky beast (D:8)
  An ice beast (D:5)
  6 black bears
  2 centaurs (D:8)
  3 ogres (D:6)
  A phantom (D:7)
  3 kobold brigands
  3 bullfrogs
  3 necrophages
  4 scorpions
  7 wights
  13 killer bees
  6 hounds
  An orc priest (D:8)
  Jessica (D:3)
  4 iguanas
  7 orc wizards
  7 adders
  2 shadow imps (D:7)
  2 white imps (D:6)
  A worm (D:3)
  A dart slug (D:4)
  20 orcs
  5 endoplasms
  2 giant cockroaches (D:1)
  4 goblins
  4 hobgoblins
  4 quokkas
  9 ball pythons
  6 bats
  4 frilled lizards
  16 kobolds
  5 rats (D:1)
  A spectral orc (D:6)
172 creatures vanquished.

Vanquished Creatures (others)
  An orc wizard (D:8)
1 creature vanquished.

Grand Total: 173 creatures vanquished

Notes
Turn   | Place    | Note
-------+----------+-------------------------------------------
     0 | D:1      | Angani the Draconian Warper began the quest for the Orb.
     0 | D:1      | Reached XP level 1. HP: 17/17 MP: 3/3
   190 | D:1      | Found Hovaox's Armour Shoppe.
   268 | D:1      | Reached XP level 2. HP: 25/25 MP: 5/5
   291 | D:1      | Found Uvole's Distillery.
   324 | D:1      | Found Serchy's Armour Shoppe.
   362 | D:1      | Found Ywoudego's Book Boutique.
  1027 | D:2      | Reached XP level 3. HP: 28/30 MP: 6/6
  1438 | D:2      | Found a runed translucent door.
  1439 | D:2      | Noticed Crazy Yiuf
  1586 | D:3      | Noticed Jessica
  1598 | D:3      | Killed Jessica
  1599 | D:3      | Reached XP level 4. HP: 30/38 MP: 5/7
  1649 | D:3      | Found a faded altar of an unknown god.
  1658 | D:3      | Prayed at the altar of an unknown god.
  1658 | D:3      | Became a worshipper of Dithmenos the Shadowed
  1658 | D:3      | Reached * piety under Dithmenos
  1966 | D:3      | Reached XP level 5. HP: 32/46 MP: 5/8
  2041 | D:3      | Found Ivauliru's Antique Weapon Shop.
  2522 | D:4      | Reached skill level 5 in Unarmed Combat
  2589 | D:4      | Identified the +11 flail "Beadu" {elec, Fly rC++ Str-2}
  2757 | D:4      | Noticed a black bear
  2765 | D:4      | Killed a black bear
  2766 | D:4      | Reached skill level 1 in Shields
  2766 | D:4      | Reached XP level 6. HP: 34/53 MP: 5/9
  2899 | D:4      | Reached ** piety under Dithmenos
  3039 | D:4      | Reached skill level 2 in Shields
  3223 | D:5      | Entered Level 5 of the Dungeon
  3223 | D:5      | Noticed a water moccasin
  3247 | D:4      | Killed a water moccasin
  3248 | D:4      | Reached skill level 5 in Fighting
  3250 | D:4      | Reached skill level 3 in Shields
  3250 | D:4      | Your scales start taking on a fiery red colour.
  3250 | D:4      | Reached XP level 7. HP: 37/62 MP: 8/10
  3250 | D:4      | Gained mutation: Your flesh is heat resistant. (rF+) [Red
                  | Draconian growth]
  3441 | D:5      | Reached skill level 4 in Shields
  3555 | D:5      | Identified the +1 ring mail of Jetafon {rF+ Stlth+}
  4140 | D:6      | Reached XP level 8. HP: 73/73 MP: 11/11
  4147 | D:6      | Reached skill level 5 in Shields
  4269 | D:6      | Found the +7 Throatcutter {drain, coup de grace}
  4543 | D:6      | Reached skill level 6 in Shields
  4834 | D:6      | Reached *** piety under Dithmenos
  4863 | D:6      | Reached skill level 7 in Shields
  5001 | D:6      | Found a basalt altar of Yredelemnul.
  5070 | D:6      | Reached XP level 9. HP: 82/83 MP: 12/12
  5263 | D:7      | Found a staircase to the Ecumenical Temple.
  5282 | D:7      | Found a stormy altar of Qazlal.
  5310 | D:7      | Found an ornate altar of the Wu Jian Council.
  5496 | D:7      | Reached skill level 8 in Shields
  5620 | D:7      | Reached skill level 10 in Fighting
  5669 | D:7      | Found Ezuneh's Overcharged Wands.
  5923 | D:8      | Reached skill level 9 in Shields
  5933 | D:8      | Reached skill level 10 in Shields
  5935 | D:8      | Reached XP level 10. HP: 93/93 MP: 13/13
  6114 | D:8      | Noticed a two-headed ogre
  6119 | D:8      | Killed a two-headed ogre
  6119 | D:8      | Reached **** piety under Dithmenos
  6120 | D:8      | Reached skill level 11 in Shields
  6279 | D:8      | Found a shimmering blue altar of Sif Muna.
  6569 | D:8      | Learned a level 2 spell: Blink
  6573 | D:8      | Learned a level 3 spell: Vhi's Electric Charge
  6593 | D:9      | Reached skill level 12 in Shields
  6608 | D:9      | HP: 6/139 [poisoned by a killer bee]
  6608 | D:9      | HP: 1/139 [killer bee (5)]
  6610 | D:9      | Slain by an unseen horror

Illustrated notes

Levels and vault maps discovered:
D:1:      minmay_arrival_hallway, layout_basic, serial_shops,
          nicolae_shop_crystal, nicolae_diamond_shop, shop,
          nicolae_shop_behind_doors, serial_glass, glass_columns_b,
          glass_columns_a, glass_columns_a, glass_columns_a
D:2:      layout_rooms, uniq_crazy_yiuf_cottage
D:3:      layout_rooms, serial_shops, shop, basic_ecumenical_altar, uniq_jessica
D:4:      layout_cave_pods
D:5:      layout_layer_cave, kennysheep_another_room
D:6:      layout_loops_ring, yredelemnul_forgotten_temple_becter, st_stairs_3
D:7:      layout_basic, chequers_temple_overflow_statue_of_worship,
          minmay_temple_entry_junction, nicolae_shop_overcharged_wands
D:8:      layout_loops_ring, nicolae_sif_muna_condensation,
          kennysheep_generic_room_9
D:9:      kennysheep_six_static_rooms, layout_cave_pools,
          minmay_lair_entry_lava, orc_0_dummy

Skill      XL: |  1  2  3  4  5  6  7  8  9 10 |
---------------+-------------------------------+-----
Unarmed Combat | 3 4 5 |  5.1
Fighting       | 3 4 5 7 9 10 | 10.0
Shields        | 1 3 4 7 10 12 | 12.4
Throwing       | |  0.8
Dodging        | |  2.1
Spellcasting   | |  2.0
Translocations | |  3.0

Action                   |  1- 3 |  4- 6 |  7- 9 | 10-12 || total
-------------------------+-------+-------+-------+-------++-------
Melee: Unarmed           |   168 |   109 |       |       ||   277
       Tailslap          |    17 |    20 |    18 |     3 ||    58
       Punch             |     3 |       |       |       ||     3
       Flail             |       |    29 |    65 |       ||    94
       Long sword        |       |       |   123 |    73 ||   196
 Abil: Breathe Fire      |       |       |     8 |     3 ||    11
  Use: Scroll            |     1 |       |     5 |     3 ||     9
       Potion            |       |     8 |       |     3 ||    11
 Stab: Sleeping          |       |     2 |     2 |       ||     4
Armor: Skin              |    51 |    50 |    76 |   103 ||   280
Dodge: Dodged            |    91 |    78 |   158 |   116 ||   443
Block: Kite shield       |    22 |    40 |   125 |   125 ||   312

Table legend: (Time is in decaauts)
 A = Elapsed time spent in this place.
 B = Non-inter-level travel time spent in this place.
 C = Inter-level travel time spent in this place.
 D = Time resting spent in this place.
 E = Time spent auto-exploring this place.
 F = Levels seen in this place.
 G = Mean time per level.
                   A        B        C        D        E       F      G
               +--------+--------+--------+--------+--------+-----+--------+
         Total |   6775 |   6568 |    207 |    406 |   4682 |   9 |  752.8 |
       Dungeon |   6775 |   6568 |    207 |    406 |   4682 |   9 |  752.8 |
               +--------+--------+--------+--------+--------+-----+--------+

Top non-repeatable levels by time:
     D:6: 1174 daAuts
     D:4: 989 daAuts
     D:1: 921 daAuts
     D:5: 792 daAuts
     D:3: 781 daAuts
     D:8: 754 daAuts
     D:2: 688 daAuts
     D:7: 624 daAuts
     D:9: 49 daAuts
